[Event "*** Titled Tuesday Blitz"]
[Site "Chess.com"]
[Date "2020.05.05"]
[Round "6"]
[White "ahachess"]
[Black "jfriedel"]
[Result "0-1"]
[WhiteElo "2362"]
[BlackElo "2574"]
[TimeControl "180+1"]
[EndTime "11:07:24 PDT"]
[Termination "jfriedel won on time"]

1. d4 Nf6 2. c4 e6 3. Nf3 b6 4. g3 Bb7 5. Bg2 Bb4+ 6. Bd2 c5 7.
Bxb4 cxb4 8. a3 bxa3 9. Nxa3 O-O 10. O-O Nc6 11. Nb5 Qe7 12. d5 exd5 13. cxd5 Na5 14.
Nfd4 Qb4 15. e4 a6 16. Ra4 Qe7 17. Nc3 Rac8 18. Nf5 Qc5 19. e5 Ne8 20. Rg4 g6 21. Nh6+ Kg7 22. Qd2 f5 23. exf6+ Nxf6 24. Nf5+ Kh8 25.
Qh6 Rg8 0-1

[Event "*** Titled Tuesday Blitz"]
[Site "Chess.com"]
[Date "2020.05.05"]
[Round "6"]
[White "Cocaino74"]
[Black "CSB7"]
[Result "0-1"]
[WhiteElo "2342"]
[BlackElo "2536"]
[TimeControl "180+1"]
[EndTime "11:07:24 PDT"]
[Termination "CSB7 won on time"]

1. e4 c5 2. Ne2 Nc6 3. Nbc3 e6 4. g3 d5 5. exd5 exd5 6. d4 Nf6 7. Bg2 cxd4 8. Nxd4 Bg4 9. Nxc6 bxc6 10. Qd3 Be7 11. Be3 O-O 12. O-O Bh5 13. f4 Ng4 14. Bd4 c5 15. Bf2 d4 16. Bxa8 Qxa8 17. Qe4 dxc3 18. Qxe7 cxb2 19. Rae1 Nxf2 20. Rxf2 Rb8 21. Rb1 Qd5 22.
Qe5 Qxe5 23. fxe5 Bg6 24. Rd2 Kf8 25. Kf2 c4 26. Ke3 c3 27. Rf2 Rd8 28. Rf4 Bxc2 29.
Rbf1 Bg6 0-1

[Event "*** Titled Tuesday Blitz"]
[Site "Chess.com"]
[Date "2020.05.05"]
[Round "6"]
[White "Nara_Kh"]
[Black "AnnaChessLook"]
[Result "1-0"]
[WhiteElo "2419"]
[BlackElo "2253"]
[TimeControl "180+1"]
[EndTime "11:07:24 PDT"]
[Termination "Nara_Kh won by resignation"]

1. e4 c5 2. Nf3 Nc6 3. Bb5 g6 4.
Bxc6 dxc6 5. O-O Bg7 6. d3 Nf6 7. h3 Nd7 8. a4 a5 9. Na3 O-O 10. Nc4 Re8 11. e5 Nf8 12. Re1 Ne6 13. Be3 Nd4 14.
Nfd2 b5 15. Bxd4 cxd4 16. Na3 Qd5 17. f4 Bd7 18. Qf3 Qxf3 19. Nxf3 b4 20. Nc4 c5 21.
Nfd2 Bc6 22. Nb3 Rec8 23. Nb6 Rab8 24. Nxc8 Rxc8 25. Nxa5 Bd5 26. Nc4 f6 27. a5 fxe5 28.
fxe5 Rd8 29. a6 Bh6 30. Ra5 Ba8 31. Rxc5 Kf7 32. e6+ Kg8 33. Rc7 Bg5 34. Nb6 Be3+ 35. Kh1 Kf8 36. Rf1+ Ke8 37. Rf7 Bg5 38. Rxh7 Bf6 39.
Nd7 1-0

[Event "*** Titled Tuesday Blitz"]
[Site "Chess.com"]
[Date "2020.05.05"]
[Round "6"]
[White "AcsinteMatei"]
[Black "Quiet_Desperation"]
[Result "0-1"]
[WhiteElo "2390"]
[BlackElo "2234"]
[TimeControl "180+1"]
[EndTime "11:07:24 PDT"]
[Termination "Quiet_Desperation won by resignation"]

1. d4 Nf6 2. Bf4 e6 3. e3 d5 4. Nd2 Be7 5. h3 O-O 6. Ngf3 c5 7. c3 Nc6 8. Ne5 Nxe5 9. dxe5 Nd7 10. Bd3 f6 11. exf6 Nxf6 12. Nf3 Bd6 13. Ne5 Qc7 14.
Nf3 e5 15. Bg5 e4 16. Bc2 exf3 17. Bxf6 Rxf6 18. gxf3 Be6 19. Qd3 g6 20. O-O-O c4 21.
Qe2 b5 22. h4 b4 23. cxb4 c3 24. h5 Bxb4 25. hxg6 Qa5 26. gxh7+ Kh8 27. Bb3 d4 28. Bxe6 Rxe6 29. Qc4 Rae8 30. Rdg1 Qb6 31. Qd5 Ba3 32. Kd1 cxb2 33. Kc2 Qc6+ 34. Kb1 Qxd5 0-1

[Event "*** Titled Tuesday Blitz"]
[Site "Chess.com"]
[Date "2020.05.05"]
[Round "6"]
[White "Zkid"]
[Black "Guenplen"]
[Result "0-1"]
[WhiteElo "2826"]
[BlackElo "2957"]
[TimeControl "180+1"]
[EndTime "11:07:25 PDT"]
[Termination "Guenplen won on time"]

1. e4 c5 2. Nf3 e6 3. d4 cxd4 4.
Nxd4 Nc6 5. Nc3 a6 6. Be3 Nf6 7. f4 Bb4 8. Nxc6 bxc6 9. e5 Nd5 10. Bd2 Nxc3 11. bxc3 Bc5 12. Bd3 d6 13. Qe2 O-O 14. Be3 Bxe3 15. Qxe3 g6 16. O-O a5 17. Rab1 d5 18. Rb6 c5 19. Qxc5 Bd7 20. Rfb1 Qc8 21.
Qa3 Ra7 22. Qd6 Ra8 23. Rb7 Ba4 24. Rc7 Qd8 25. Rbb7 Qh4 26. g3 Qg4 27. Kf2 Qd1 28.
Qc5 Bxc2 29. Be2 Qh1 30. Qe3 Be4 31. h4 d4 0-1

[Event "*** Titled Tuesday Blitz"]
[Site "Chess.com"]
[Date "2020.05.05"]
[Round "6"]
[White "SaySpade4VIP"]
[Black "RaunakSadhwani2005"]
[Result "0-1"]
[WhiteElo "2619"]
[BlackElo "2866"]
[TimeControl "180+1"]
[EndTime "11:07:25 PDT"]
[Termination "RaunakSadhwani2005 won by resignation"]

1. e4 Nf6 2. e5 Nd5 3. d4 d6 4. Nf3 dxe5 5. Nxe5 g6 6. g3 Bg7 7. Bg2 O-O 8. O-O Nb6 9. c3 c6 10. Re1 N8d7 11. Nd3 Nf6 12. Nd2 Bg4 13. Qb3 Be6 14. Rxe6 fxe6 15. Qxe6+ Kh8 16. Ne5 Qe8 17. Ndf3 Nfd7 18.
Bf4 Nxe5 19. Nxe5 Rd8 20. Re1 Nd5 21. Bc1 Rd6 22. Qg4 Rdf6 23. f4 e6 24. h4 Ne7 25.
Nd3 Nf5 26. Kh2 R6f7 27. Nc5 Re7 28. Qd1 Nd6 29. Qb3 Rf6 30. Nd3 Nf5 31. Ne5 Rf8 32.
Nd3 Qc8 33. a4 b6 34. Ne5 c5 35. Nc6 Rc7 36. Rxe6 cxd4 37. h5 gxh5 38. Qb5 h4 39.
Rd6 0-1

[Event "*** Titled Tuesday Blitz"]
[Site "Chess.com"]
[Date "2020.05.05"]
[Round "6"]
[White "Trankuilizer"]
[Black "temus_galaktionov"]
[Result "1-0"]
[WhiteElo "2533"]
[BlackElo "2741"]
[TimeControl "180+1"]
[EndTime "11:07:25 PDT"]
[Termination "Trankuilizer won by resignation"]

1. e4 c6 2. d4 g6 3. Nf3 Bg7 4. c4 d6 5. Nc3 Nd7 6. Be2 e5 7.
O-O Ngf6 8. Re1 O-O 9. Be3 Qe7 10. Qc2 Ng4 11. Bg5 f6 12. Bc1 h5 13. h3 Nh6 14.
Be3 Nf7 15. Rad1 Bh6 16. b4 a5 17. a3 Bxe3 18. fxe3 Nb8 19. c5 axb4 20. axb4 dxc5 21. bxc5 Na6 22. Bc4 Kg7 23. Na4 Nc7 24. Nb6 Ra3 25.
Qb2 Ra5 26. Qb4 Ra7 27. d5 Na6 28. Bxa6 Rxa6 29. d6 Qe6 30. d7 Bxd7 31. Nxd7 Rg8 32. Nb6 g5 33. Qc4 Qxc4 34. Nxc4 Ra4 35. Nd6 Nxd6 36.
Rxd6 Rf8 37. Nd2 Rf7 38. Rc1 Kf8 39. Nc4 Kg7 40. Rd8 Re7 41. Nd6 Ra3 42. Nf5+ 1-0

[Event "*** Titled Tuesday Blitz"]
[Site "Chess.com"]
[Date "2020.05.05"]
[Round "6"]
[White "Turquoise_2701"]
[Black "Aleksandar-Topalov"]
[Result "0-1"]
[WhiteElo "2157"]
[BlackElo "2392"]
[TimeControl "180+1"]
[EndTime "11:07:25 PDT"]
[Termination "Aleksandar-Topalov won by resignation"]

1. c4 Nf6 2. Nf3 g6 3. g3 Bg7 4. Bg2 O-O 5. O-O c5 6. Nc3 Nc6 7. d3 a6 8. a3 Rb8 9. Be3 d6 10.
Rb1 b5 11. cxb5 axb5 12. d4 b4 13. Na4 Ng4 14. dxc5 Nxe3 15. fxe3 Bf5 16. e4 Bxe4 17. Ng5 Bxg2 18. Kxg2 Qa5 19. Nxf7 Nd4 20. e3 Nf5 21. Rxf5 gxf5 22. Ng5 Qa8+ 23. e4 dxc5 24. Qb3+ Kh8 25. Nxc5 Qc6 26. Nce6 Rf6 27. Nd4 Qb7 28. Kh3 h6 29.
Nf7+ Kh7 30. e5 Rg6 31. Nxf5 Qf3 32. Nh4 Qxb3 33. Kg2 Qxf7 0-1

[Event "*** Titled Tuesday Blitz"]
[Site "Chess.com"]
[Date "2020.05.05"]
[Round "6"]
[White "Andreikka"]
[Black "Gabrielian_Artur"]
[Result "0-1"]
[WhiteElo "2940"]
[BlackElo "2724"]
[TimeControl "180+1"]
[EndTime "11:07:26 PDT"]
[Termination "Gabrielian_Artur won by resignation"]

1. c4 Nf6 2. Nc3 g6 3. e4 Bg7 4. d4 O-O 5. Nf3 d6 6. Be2 e5 7. O-O Nc6 8. d5 Ne7 9. b4 Nd7 10. a4 a5 11. bxa5 Rxa5 12. Nd2 f5 13. Nb3 Ra8 14.
a5 Nf6 15. f3 Nh5 16. Be3 Nf4 17.
Qd2 Nxe2+ 18. Qxe2 f4 19. Bf2 g5 20. c5 Ng6 21.
Nb5 g4 22. fxg4 Qg5 23. Nxc7 Bxg4 24. Qd3 Rad8 25. cxd6 f3 26. Be3 Qh5 27. g3 Rxd6 28. Bc5 Nf4 29. gxf4 Rg6 30. Kh1 Bh3 31. Rf2 Bg2+ 32.
Kg1 exf4 33. Bd4 Qxh2+ 0-1

[Event "*** Titled Tuesday Blitz"]
[Site "Chess.com"]
[Date "2020.05.05"]
[Round "6"]
[White "GMKrikor"]
[Black "GelmanAlexander"]
[Result "1-0"]
[WhiteElo "2853"]
[BlackElo "2525"]
[TimeControl "180+1"]
[EndTime "11:07:26 PDT"]
[Termination "GMKrikor won on time"]

1. Nf3 c5 2. c4 Nf6 3. Nc3 e6 4. g3 d6 5. Bg2 a6 6. d4 cxd4 7. Nxd4 Be7 8. O-O O-O 9. b3 Nbd7 10. Bb2 Qc7 11. Rc1 Ne5 12. h3 Bd7 13. f4 Ng6 14. e4 Rac8 15. Qd2 Qb8 16. Kh2 b5 17. cxb5 axb5 18. f5 Ne5 19. fxe6 fxe6 20. Nce2 Rxc1 21. Rxc1 Qa8 22. Nf4 Nxe4 23. Qe3 d5 24. Ndxe6 Bxe6 25. Nxe6 Rf5 26. Rc2 Bd6 27. Nf4 Nf6 28. Qe2 g5 29. Nh5 Nxh5 30. Qxh5 Qb8 31. Bxd5+ Kg7 32. Be4 1-0

[Event "*** Titled Tuesday Blitz"]
[Site "Chess.com"]
[Date "2020.05.05"]
[Round "6"]
[White "GHANDEEVAM2003"]
[Black "tigra"]
[Result "0-1"]
[WhiteElo "2877"]
[BlackElo "2810"]
[TimeControl "180+1"]
[EndTime "11:07:27 PDT"]
[Termination "tigra won on time"]

1. Nf3 d5 2. c4 d4 3. e3 c5 4. b4 dxe3 5. fxe3 cxb4 6. d4 Nf6 7. Bb2 Bf5 8. Nbd2 e6 9. Be2 Nc6 10. O-O h6 11. Qb3 Bd6 12. d5 exd5 13. Bxf6 Qxf6 14. cxd5 Ne7 15. Nd4 O-O 16. Nc4 Bc5 17. d6 Bxd4 18.
dxe7 Bxa1 19. exf8=Q+ Rxf8 20. g4 b5 21. Nd2 Qc3 22.
gxf5 Qxd2 23. Bxb5 Bc3 24. Rf2 Qxe3 25. Kf1 Rd8 26. Bc4 Qe4 27. Bxf7+ Kf8 0-1

[Event "*** Titled Tuesday Blitz"]
[Site "Chess.com"]
[Date "2020.05.05"]
[Round "6"]
[White "Alliswell998"]
[Black "Danfii"]
[Result "0-1"]
[WhiteElo "2485"]
[BlackElo "2344"]
[TimeControl "180+1"]
[EndTime "11:07:27 PDT"]
[Termination "Danfii won by checkmate"]

1. e4 e5 2. Nf3 Nc6 3. Bc4 Bc5 4. c3 Nf6 5. d3 d6 6. h3 a6 7. Bb3 h6 8. Nbd2 Ba7 9. Qe2 Be6 10. Nf1 Qd7 11. Bc2 O-O-O 12. Be3 Bxe3 13. Nxe3 d5 14. exd5 Nxd5 15. Nxd5 Bxd5 16. O-O Rhe8 17. Rfe1 f5 18. Rad1 g5 19. Nh2 Qf7 20. b3 e4 21. dxe4 Bxe4 22.
Bxe4 Rxe4 23. Rxd8+ Nxd8 24. Qd2 Qe7 25. Nf3 Nc6 26.
Kf1 g4 27. hxg4 fxg4 28. Rxe4 Qxe4 29. Ne1 h5 30. Qd3 Qe6 31. Nc2 h4 32. Qe3 Qg6 33. Qd2 h3 34. Kg1 Qe4 35. Ne3 Qb1+ 36. Kh2 hxg2 37. Nxg2 Qh7+ 38. Kg1 Ne5 39. Qf4 Nf3+ 40.
Kf1 Qd3# 0-1

[Event "*** Titled Tuesday Blitz"]
[Site "Chess.com"]
[Date "2020.05.05"]
[Round "6"]
[White "The_Machine04"]
[Black "GM4life"]
[Result "0-1"]
[WhiteElo "2291"]
[BlackElo "2168"]
[TimeControl "180+1"]
[EndTime "11:07:27 PDT"]
[Termination "GM4life won on time"]

1. d4 Nf6 2. Bg5 d5 3. e3 Ne4 4.
Bf4 c5 5. c3 Nc6 6. Bd3 Bf5 7.
g4 Bg6 8. h4 c4 9. Bc2 h5 10.
f3 Nf6 11. Bxg6 fxg6 12. Qc2 Kf7 13. Nh3 Qe8 14. g5 Nd7 15. e4 e5 16. Be3 exd4 17. Bxd4 Bc5 18. Bxc5 Nxc5 19. O-O Qe5 20. Kg2 Rhe8 21.
exd5 Qxd5 22. Nd2 Re2+ 23. Rf2 Rae8 24. Rf1 Nd3 25. Rxe2 Rxe2+ 26. Nf2 Nf4+ 27. Kg3 Rxd2 28. Qe4 Ne2+ 29. Kg2 Qxe4 30. fxe4 Rxb2 31. Nd3+ Nf4+ 32.
Kg3 cxd3 33. Rxf4+ Ke6 0-1

[Event "*** Titled Tuesday Blitz"]
[Site "Chess.com"]
[Date "2020.05.05"]
[Round "6"]
[White "BikingBrian"]
[Black "madalin18"]
[Result "0-1"]
[WhiteElo "2267"]
[BlackElo "2161"]
[TimeControl "180+1"]
[EndTime "11:07:28 PDT"]
[Termination "madalin18 won by checkmate"]

1. d4 Nf6 2. Bg5 Ne4 3. Bf4 c5 4. f3 Nf6 5. dxc5 Qa5+ 6. Nc3 Qxc5 7. e4 d6 8. Qd2 Nc6 9. Be3 Qa5 10. Bc4 g6 11.
O-O-O Bg7 12. Bh6 O-O 13. h4 Ne5 14. Bb3 Be6 15. h5 Bxb3 16. axb3 Qa1+ 17. Nb1 Rac8 18. Bxg7 Kxg7 19. hxg6 fxg6 20. Ne2 Kf7 21. Nc3 Rc5 22.
Qf4 Rfc8 23. Rd2 b5 24. Rxh7+ Ke6 25. Rg7 b4 26. Nd5 Nd3+ 27. Kd1 Qxb1+ 28. Ke2 Nxf4+ 29.
Nxf4+ Kd7 30. e5 Rxc2 31. e6+ Kc7 32. Rxe7+ Kb6 33. Rf7 Rxd2+ 34. Kxd2 Qc1+ 35. Ke2 Qxf4 36. e7 Rc2+ 37. Kd3 Qd2# 0-1

[Event "*** Titled Tuesday Blitz"]
[Site "Chess.com"]
[Date "2020.05.05"]
[Round "6"]
[White "Harsha_Bharathakoti"]
[Black "MrTattaglia"]
[Result "0-1"]
[WhiteElo "2829"]
[BlackElo "2971"]
[TimeControl "180+1"]
[EndTime "11:07:29 PDT"]
[Termination "MrTattaglia won on time"]

1. Nf3 c5 2. c4 Nc6 3. d4 cxd4 4. Nxd4 Nf6 5. Nc3 e6 6. g3 Qb6 7. Nb3 Ne5 8. e4 Bb4 9. Qe2 d6 10. Bd2 O-O 11. f4 Nc6 12. Bg2 a5 13. Be3 Qc7 14.
O-O Bxc3 15. bxc3 a4 16. Nd4 Na5 17. c5 Qxc5 18. Rfd1 Qc4 19. Qf3 d5 20. exd5 exd5 21. Bf1 Qxc3 22. Nb5 Qb4 23. Rab1 Qe7 24. Re1 Ne4 25.
Bd4 Nc6 26. Ba1 Bf5 27. g4 Qc5+ 28. Kg2 Bd7 29. Rbc1 Qb4 30. f5 Ne5 31. Qf4 Bxb5 32. Qxe5 Nf6 33. Bxb5 Qxb5 34. g5 Nh5 35. f6 Rfe8 0-1

[Event "*** Titled Tuesday Blitz"]
[Site "Chess.com"]
[Date "2020.05.05"]
[Round "6"]
[White "mishikomchedlishvili"]
[Black "regular_legs"]
[Result "1-0"]
[WhiteElo "2852"]
[BlackElo "2606"]
[TimeControl "180+1"]
[EndTime "11:07:29 PDT"]
[Termination "mishikomchedlishvili won by resignation"]

1. d4 Nf6 2. Bg5 Ne4 3. Bf4 c5 4. f3 Qa5+ 5. c3 Nf6 6. d5 e6 7. e4 exd5 8. exd5 d6 9. Qd2 Be7 10.
c4 Qxd2+ 11. Kxd2 b5 12. Nc3 bxc4 13. Re1 Kd8 14. Bxc4 Ba6 15. b3 Bxc4 16. bxc4 Nbd7 17. Nh3 Nh5 18. Bg5 f6 19. Bf4 Ne5 20. Bxe5 fxe5 21.
Nf2 Rb8 22. Kc2 Rb4 23. Rb1 Kc7 24. Rxb4 cxb4 25. Nce4 Kb6 26. Rb1 a5 27. a3 Rc8 28.
Kb3 bxa3 29. Nd3 Nf6 30. Kxa3+ Ka6 31. Rc1 Nxe4 32. fxe4 Bd8 33. c5 dxc5 34. Nxe5 Bg5 35. Rb1 Bd2 36. Nc4 Bb4+ 37. Ka4 Rd8 38. Rf1 Bc3 39.
d6 Ra8 1-0

[Event "*** Titled Tuesday Blitz"]
[Site "Chess.com"]
[Date "2020.05.05"]
[Round "6"]
[White "PowerThinking2650"]
[Black "levallem"]
[Result "1-0"]
[WhiteElo "2278"]
[BlackElo "2122"]
[TimeControl "180+1"]
[EndTime "11:07:29 PDT"]
[Termination "PowerThinking2650 won by resignation"]

1. e4 c5 2. Nf3 Nc6 3. d4 cxd4 4. Nxd4 g6 5. c4 Nf6 6. Nc3 Nxd4 7. Qxd4 d6 8. Be3 Bg7 9. f3 O-O 10. Qd2 Qa5 11. Rc1 Be6 12. Nd5 Qxd2+ 13. Kxd2 Bxd5 14.
cxd5 Rfc8 15. Rxc8+ Rxc8 16. g3 a6 17. Bh3 Rc7 18. Rc1 Rxc1 19. Kxc1 Kf8 20. Bc8 a5 21. Bxb7 Nd7 22. Bd2 a4 23. Bc6 Nc5 24. Kc2 h5 25. b4 axb3+ 26. axb3 f5 27. b4 Na6 28. Kb3 fxe4 29. fxe4 e6 30. Be3 Ke7 31. Kc4 exd5+ 32. exd5 Be5 33. Bg5+ Kf7 34. b5 Nb8 35. b6 Bf6 36.
Bf4 Be5 37. Be3 h4 38. b7 hxg3 39. hxg3 Bxg3 40. Ba7 Nxc6 41. dxc6 g5 42. Kd5 g4 43. b8=Q Be5 1-0

[Event "*** Titled Tuesday Blitz"]
[Site "Chess.com"]
[Date "2020.05.05"]
[Round "6"]
[White "GMNeiksans"]
[Black "Sweafty"]
[Result "1-0"]
[WhiteElo "2764"]
[BlackElo "2517"]
[TimeControl "180+1"]
[EndTime "11:07:31 PDT"]
[Termination "GMNeiksans won on time"]

1. b3 d6 2. Bb2 Nd7 3. Nc3 Ngf6 4. d4 g6 5. e4 Bg7 6. Qd2 O-O 7. h4 h5 8. Nf3 c6 9. Ng5 b5 10. Bd3 a5 11. a4 b4 12. Ne2 Qc7 13. O-O-O c5 14.
f3 cxd4 15. Nxd4 Nc5 16. Kb1 Nxd3 17. Qxd3 Ba6 18. Qd2 Rab8 19. g4 Rbc8 20. gxh5 Nxh5 21. Rhg1 d5 22. Nge6 fxe6 23. Nxe6 Qxc2+ 24. Qxc2 Rxc2 25. Kxc2 Rc8+ 26. Kb1 Bxb2 27. Kxb2 dxe4 28. fxe4 Kf7 29.
Nd8+ Kg7 30. Ne6+ Kf7 31. Nd4 Nf4 32. Nb5 Bxb5 33. axb5 Rc5 34. Rgf1 e5 35. Rd5 Rc3 36. b6 Rc6 37. Rxe5 Rf6 38. Rxf4 Rxf4 39. b7 Rf2+ 40. Kc1 Rf1+ 41. Kd2 1-0

[Event "*** Titled Tuesday Blitz"]
[Site "Chess.com"]
[Date "2020.05.05"]
[Round "6"]
[White "calin_dragomirescu"]
[Black "WhiteCapital80"]
[Result "1/2-1/2"]
[WhiteElo "2307"]
[BlackElo "2449"]
[TimeControl "180+1"]
[EndTime "11:07:31 PDT"]
[Termination "Game drawn by stalemate"]

1. Nf3 d5 2. c4 e6 3. g3 Nf6 4.
Bg2 Be7 5. O-O O-O 6. d4 dxc4 7. Ne5 Nc6 8. Nxc6 bxc6 9. Na3 Bxa3 10. bxa3 Rb8 11. Qa4 Qxd4 12. Be3 Qg4 13. Bf3 Qh3 14. Bg2 Qh5 15. Bf3 Qb5 16. Bxc6 Qxa4 17. Bxa4 Bd7 18. Bxd7 Nxd7 19. Rac1 Nb6 20. Bxb6 Rxb6 21. Rxc4 Ra6 22. Rxc7 Rxa3 23. Rc2 Rd8 24. Rfc1 h5 25. Rc8 Rxc8 26.
Rxc8+ Kh7 27. Rc2 Kg6 28. Kg2 Kf5 29. e3 e5 30. h4 f6 31. Rb2 g6 32. Kf3 e4+ 33. Kg2 Kg4 34. Rb4 f5 35. Rb2 g5 36.
hxg5 Kxg5 37. Rc2 Ra5 38. Rb2 Kg4 39. Rb7 Kg5 40. Rb2 h4 41. gxh4+ Kxh4 42. Rc2 Kg4 43. Rb2 Ra3 44. Rc2 Ra5 45. Rb2 Ra3 46. Rc2 f4 47.
exf4 Kxf4 48. Rb2 a5 49. Rc2 a4 50. Rb2 Rc3 51. Rb4 a3 52. Ra4 Ke5 53. Ra8 Kd4 54.
Ra4+ Kd3 55. Kg3 Kc2+ 56. Kf4 Rh3 57. Rxe4 Rh4+ 58. Ke3 Rxe4+ 59. Kxe4 Kb2 60. Kd3 Kxa2 61. Kc2 Ka1 62. f4 a2 63. f5 1/2-1/2

[Event "*** Titled Tuesday Blitz"]
[Site "Chess.com"]
[Date "2020.05.05"]
[Round "6"]
[White "dbrankovic68"]
[Black "Kaua18"]
[Result "1-0"]
[WhiteElo "2456"]
[BlackElo "2292"]
[TimeControl "180+1"]
[EndTime "11:07:31 PDT"]
[Termination "dbrankovic68 won on time"]

1. e4 c5 2. Nf3 Nc6 3. Bb5 g6 4. Bxc6 dxc6 5. h3 e5 6. d3 Bg7 7. O-O Ne7 8. a4 Qc7 9. a5 h6 10. Nc3 Be6 11. Be3 c4 12. d4 Rd8 13. Ne2 O-O 14. c3 f5 15. Qc2 fxe4 16. Nxe5 Nf5 17. Nxg6 Rf6 18. Ngf4 Bf7 19. Qxe4 Re8 20. Qf3 Ne7 21.
Qg4 Nd5 22. Nxd5 Bxd5 23. Nf4 Re4 24. Nxd5 cxd5 25. Qh5 Kh7 26. a6 bxa6 27. Qxd5 Ree6 28. Rae1 Rg6 29. Bc1 Rd6 30. Qe4 Qd7 31. Kh1 Qb5 32. Re3 Qh5 33. Rg3 Re6 34. Qc2 Rf6 35. Re1 Rd6 36. Re5 1-0

[Event "*** Titled Tuesday Blitz"]
[Site "Chess.com"]
[Date "2020.05.05"]
[Round "6"]
[White "martabartel"]
[Black "PlayChessSimple"]
[Result "0-1"]
[WhiteElo "2293"]
[BlackElo "2481"]
[TimeControl "180+1"]
[EndTime "11:07:32 PDT"]
[Termination "PlayChessSimple won on time"]

1. d4 e6 2. Nf3 f5 3. g3 Nf6 4. Bg2 g6 5. O-O Bg7 6. c4 O-O 7. Nc3 d6 8. Bg5 h6 9. Bxf6 Qxf6 10. e4 Nc6 11. exf5 exf5 12. d5 Ne5 13. Nxe5 dxe5 14. Rc1 e4 15. f3 Qb6+ 16. Kh1 Qxb2 17. Nb5 c6 18. Nc7 Rb8 19. fxe4 fxe4 20. Rxf8+ Bxf8 21. Bxe4 Qe5 22. Bxg6 Qxc7 23. Qf3 Bg7 24. Re1 Bh3 25. Qh5 Qa5 26. Rd1 Bd7 27. Bf7+ Kh8 28. Qg6 Rf8 29. d6 Qc3 0-1

[Event "*** Titled Tuesday Blitz"]
[Site "Chess.com"]
[Date "2020.05.05"]
[Round "6"]
[White "DishonorOnYourCow"]
[Black "AshotParvanyan"]
[Result "1-0"]
[WhiteElo "2340"]
[BlackElo "2478"]
[TimeControl "180+1"]
[EndTime "11:07:33 PDT"]
[Termination "DishonorOnYourCow won on time"]

1. d4 Nf6 2. c4 c5 3. d5 b5 4. cxb5 a6 5. bxa6 g6 6. Nc3 Bg7 7. e4 d6 8. Nf3 O-O 9. a7 Rxa7 10. Be2 Qa5 11. O-O Ba6 12. a4 Nbd7 13. Rb1 Rb8 14. Bd2 Qb6 15. b3 Raa8 16. Bxa6 Qxa6 17. Qc2 Ne8 18. Nb5 Rb7 19. Bc3 Ndf6 20. Nd2 Nc7 21. Nxc7 Rxc7 22. Nc4 Nd7 23. a5 Rb7 24. Bxg7 Kxg7 25.
Qc3+ f6 26. f4 Rab8 27. e5 dxe5 28. fxe5 Qb5 29. exf6+ Nxf6 30. d6 Qb4 31. Qe5 Qxc4 32. bxc4 Rxb1 33. Qxe7+ Kg8 34. Qxf6 Rxf1+ 35. Qxf1 Rd8 36.
Qd3 Kf7 37. Qd5+ Kf6 38. a6 1-0

[Event "*** Titled Tuesday Blitz"]
[Site "Chess.com"]
[Date "2020.05.05"]
[Round "6"]
[White "elsemenova"]
[Black "Karina_Ivanova"]
[Result "1-0"]
[WhiteElo "2396"]
[BlackElo "2179"]
[TimeControl "180+1"]
[EndTime "11:07:33 PDT"]
[Termination "elsemenova won by resignation"]

1. e4 c6 2. d4 d5 3. Nd2 dxe4 4. Nxe4 Bf5 5. Ng3 Bg6 6. h4 h6 7. f4 e6 8. Nf3 Bd6 9. Ne5 Ne7 10. Nxg6 Nxg6 11.
Nh5 Qc7 12. g3 Rg8 13. Bd3 Nd7 14. Qe2 O-O-O 15. Bd2 Nf6 16. Bxg6 fxg6 17. Qxe6+ Kb8 18. Nxf6 gxf6 19. O-O-O f5 20. Rhe1 h5 21. Bc3 Qd7 22.
Qxd7 Rxd7 23. Re6 Kc7 24. d5 Re7 25. Rxe7+ Bxe7 26. Be5+ Kd7 27. d6 Bd8 28. c4 b5 29.
c5 a5 30. Kc2 a4 31. Bc3 Re8 32. Kd3 Re4 33. Re1 Rxe1 34. Bxe1 Ke6 35. Bf2 Kd5 36.
Bd4 Ba5 37. Bf6 Ke6 38. Bc3 Bd8 39. Be5 Kd5 40. Bg7 Kxc5 41. Bf8 Kd5 42. Be7 Bb6 43. d7 c5 44. d8=Q+ Bxd8 45. Bxd8 b4 46. b3 a3 47. Be7 1-0

[Event "*** Titled Tuesday Blitz"]
[Site "Chess.com"]
[Date "2020.05.05"]
[Round "6"]
[White "almatyonelove"]
[Black "TheoSlade"]
[Result "1-0"]
[WhiteElo "2560"]
[BlackElo "2260"]
[TimeControl "180+1"]
[EndTime "11:07:33 PDT"]
[Termination "almatyonelove won on time"]

1. d4 Nf6 2. c4 e6 3. Nf3 d5 4.
Nc3 Be7 5. Bf4 O-O 6. e3 Nbd7 7. Qc2 c5 8. cxd5 Nxd5 9. Nxd5 exd5 10. Bd3 Qa5+ 11.
Kf1 Nf6 12. h3 c4 13. Bf5 b5 14. g4 Qd8 15. Ne5 Bxf5 16. gxf5 Nd7 17. Rg1 Nxe5 18. Bxe5 f6 19. Bf4 Bd6 20. Bxd6 Qxd6 21. Qe2 b4 22. Rg3 Rac8 23. Kg2 Rc7 24. Rg1 Qe7 25.
Qf3 Qe4 26. Qxe4 dxe4 27. Rg4 c3 28. bxc3 bxc3 29. Rc1 c2 30. Kg3 Rb8 31. Kf4 Re8 32. Rgg1 Kf7 33. h4 g6 34. h5 g5+ 35. Kg4 Rb8 36.
Rge1 Rb2 37. f3 exf3 38. Kxf3 Rxa2 39. e4 Ra3+ 40. Re3 Rxe3+ 41. Kxe3 Kg7 42. e5 fxe5 43.
dxe5 a5 44. Ke4 a4 45. h6+ Kf7 46. Kd5 a3 47. Kd6 Rc3 48. f6 a2 49. e6+ Kxf6 50.
Rf1+ Kg6 51. e7 Rd3+ 52. Kc7 Re3 53. Kd7 Rd3+ 54. Kc7 Rc3+ 55. Kd7 Rd3+ 56. Ke6 Re3+ 57. Kd6 g4 58. Kd7 Rd3+ 59. Ke6 Re3+ 60. Kd7 g3 61. Rg1 1-0

[Event "*** Titled Tuesday Blitz"]
[Site "Chess.com"]
[Date "2020.05.05"]
[Round "6"]
[White "hansen"]
[Black "giantslayer83"]
[Result "0-1"]
[WhiteElo "2930"]
[BlackElo "2715"]
[TimeControl "180+1"]
[EndTime "11:07:34 PDT"]
[Termination "giantslayer83 won on time"]

1. Nf3 d5 2. g3 g6 3. Bg2 Bg7 4. O-O e5 5. d3 Ne7 6. e4 Nbc6 7. exd5 Nxd5 8. Re1 O-O 9. Nc3 Nde7 10. Rb1 a5 11. a3 a4 12. Nd2 Nd4 13. Nc4 Nec6 14. Be3 Be6 15. Bxd4 exd4 16. Ne4 Bd5 17. f4 Re8 18. Ncd2 h6 19. Nf2 Bxg2 20. Rxe8+ Qxe8 21. Kxg2 Qd7 22. Qg4 Qxg4 23. Nxg4 Re8 24. Kf1 f5 25. Nf2 b5 26. b3 Bf8 27. bxa4 bxa4 28. Nc4 Rb8 29. Rxb8 Nxb8 30. Nb2 Bxa3 31. Nxa4 Nd7 32. Nd1 Kf7 33. Ke2 Ke6 34. Nab2 Nb6 35. Nc4 Nxc4 36. dxc4 Bb4 37.
Nf2 Bd6 38. Nd3 c5 39. Kf3 g5 40. h3 Kf6 41. Nc1 Ke7 0-1

[Event "*** Titled Tuesday Blitz"]
[Site "Chess.com"]
[Date "2020.05.05"]
[Round "6"]
[White "Salem-AR"]
[Black "Stormeman100100"]
[Result "0-1"]
[WhiteElo "2960"]
[BlackElo "2547"]
[TimeControl "180+1"]
[EndTime "11:07:34 PDT"]
[Termination "Stormeman100100 won by resignation"]

1. d4 Nf6 2. c4 e6 3. Nf3 c5 4. d5 exd5 5. cxd5 d6 6. e4 g6 7. h3 Bg7 8. Bd3 O-O 9. O-O Re8 10. Re1 Na6 11. Nc3 Nc7 12. Bf4 Rb8 13. a4 b6 14. Nd2 Ba6 15. Bxa6 Nxa6 16. Nc4 Bf8 17. Nb5 Nxe4 18. Qf3 f5 19. Nxa7 Nb4 20. Nc6 Nxc6 21. dxc6 Qc7 22. Qb3 Qf7 23. Qb5 g5 24. Bh2 g4 25.
Rxe4 Rxe4 26. Nxd6 Bxd6 27. Bxd6 Rbe8 28. c7 gxh3 29. Qd3 hxg2 30. Bh2 Qg6 31. Bg3 f4 32. Qd5+ Kh8 33. Bxf4 Re1+ 0-1

[Event "*** Titled Tuesday Blitz"]
[Site "Chess.com"]
[Date "2020.05.05"]
[Round "6"]
[White "MattyDPerrine"]
[Black "pollo2016"]
[Result "0-1"]
[WhiteElo "2358"]
[BlackElo "2583"]
[TimeControl "180+1"]
[EndTime "11:07:34 PDT"]
[Termination "pollo2016 won by resignation"]

1. Nf3 Nf6 2. c4 g6 3. b4 Bg7 4. Bb2 O-O 5. g3 a5 6. b5 d5 7. cxd5 Qxd5 8. Nc3 Qh5 9. h3 e5 10. Bg2 e4 11. Nd4 Re8 12. e3 Qxd1+ 13. Rxd1 Nbd7 14. d3 exd3 15. Rxd3 Ne5 16. Rd1 Nc4 17. Ba1 Nb6 18.
O-O Rb8 19. Rc1 Bd7 20. Nce2 Nfd5 21. a3 Rec8 22. Rc2 c5 23. bxc6 Bxc6 24. Nxc6 Rxc6 25. Rxc6 bxc6 26. Bxg7 Kxg7 27. Rc1 Rc8 28. Rc5 a4 29. Nd4 Ne7 30. Nxc6 Nxc6 31. Rxc6 Rb8 32. Rc5 Nd7 33.
Ra5 Rb1+ 34. Bf1 Nb6 35. Rb5 Rxb5 36. Bxb5 f5 37. Kf1 Kf6 38. Ke2 Ke5 39. Kd3 Kd5 40.
Be8 Kc5 41. f3 Nc4 42. Bxa4 Nb2+ 0-1